 Dungeon Crawl Stone Soup version 0.20.1-1-g8b1a95d (webtiles) character file.

103175 letownia2 the Necromancer (level 15, 107/139 HPs)
             Began as a Deep Dwarf Necromancer on Oct 28, 2017.
             Was an Initiate of Gozag.
             Quit the game on level 2 of the Lair of Beasts.
             The game lasted 01:49:31 (29919 turns).

letownia2 the Necromancer (Deep Dwarf Necromancer) Turns: 29919, Time: 01:49:32

Health: 107/139    AC: 20    Str: 27    XL:     15   Next: 88%
Magic:  24/38      EV: 15    Int: 15    God:    Gozag
Gold:   1154       SH:  6    Dex: 19    Spells: 31/35 levels left

rFire    + . .     SeeInvis .   b - +3 battleaxe (flame)
rCold    x . .     Gourm    .   (shield currently unavailable)
rNeg     + . .     Faith    .   n - +5 scale mail of Uruycwia {+Fly rElec Str+3}
rPois    +         Spirit   .   X - +1 hat
rElec    +         Reflect  +   R - +1 cloak
rCorr    .         Harm     .   K - +1 pair of gloves of Royxzy {Str+4 Dex+2}
MR       ++...                  s - +0 pair of boots "Loegraut" {+Blink Str+3 Dex+2}
Stlth    +.........             Q - +6 amulet of reflection
Regen    0.0/turn               v - ring of magical power
MPRegen  0.3/turn               c - ring of Huyj {Fire rPois Int-2 Dex+2}

@: non-regenerating
A: damage resistance, heal wounds, negative energy resistance 1, sense
surroundings 2, no regeneration
a: Heal Wounds, Potion Petition, Call Merchant, Bribe Branch, Renounce Religion,
Evoke Blink, Evoke Flight


You were on level 2 of the Lair of Beasts.
You worshipped Gozag.
Gozag was most pleased with you.
You were not hungry.

You visited 5 branches of the dungeon, and saw 26 of its levels.

You collected 9321 gold pieces.
You spent 908 gold pieces at shops.
You paid 7259 gold pieces to Gozag.

Inventory:

Hand Weapons
 b - a +3 battleaxe of flaming (weapon)
 e - a +2 vampiric glaive
Missiles
 r - 5 curare-tipped needles
 V - 2 throwing nets (quivered)
Armour
 n - the +5 scale mail of Uruycwia (worn) {+Fly rElec Str+3}
   (You found it on level 1 of the Snake Pit)

   It affects your strength (+3).
   It insulates you from electricity.
   It lets you fly.
 s - the +0 pair of boots "Loegraut" (worn) {+Blink Str+3 Dex+2}
   (You bought it in a shop on level 2 of the Lair of Beasts)

   It affects your strength (+3).
   It affects your dexterity (+2).
   It lets you blink.
 x - the +0 pair of boots of the Barracuda {-Tele rElec rCorr Int+7}
   (You bought it in a shop on level 2 of the Lair of Beasts)

   It affects your intelligence (+7).
   It insulates you from electricity.
   It prevents most forms of teleportation.
   It protects you from acid and corrosion.
 K - the +1 pair of gloves of Royxzy (worn) {Str+4 Dex+2}
   (You found it on level 4 of the Dungeon)

   It affects your strength (+4).
   It affects your dexterity (+2).
 R - a +1 cloak (worn)
 X - a +1 hat (worn)
Magical Staves
 a - an uncursed staff of death
 U - an uncursed staff of fire
Jewellery
 c - the ring of Huyj (right hand) {Fire rPois Int-2 Dex+2}
   (You found it on level 6 of the Lair of Beasts)

   [ring of fire]

   It enhances your fire magic.
   It affects your intelligence (-2).
   It affects your dexterity (+2).
   It protects you from fire.
   It makes you vulnerable to cold.
   It protects you from poison.
 v - a ring of magical power (left hand)
 C - an uncursed ring of poison resistance
 E - an uncursed ring of ice
 Q - a +6 amulet of reflection (around neck)
Wands
 j - a wand of acid (5/15)
 y - a wand of digging (14/24)
 H - a wand of disintegration (11/24)
 O - a wand of confusion (12/48)
 S - a wand of lightning (2/15)
 T - a wand of clouds (3/9)
Scrolls
 d - 10 scrolls of remove curse
 g - 5 scrolls of teleportation
 i - 13 scrolls of identify
 k - 5 scrolls of fear
 p - 2 scrolls of summoning
 B - 3 scrolls of holy word
 D - 2 scrolls of magic mapping
 F - a scroll of brand weapon
 L - 6 scrolls of immolation
 W - 2 scrolls of recharging
Potions
 h - 4 potions of haste
 l - 4 potions of might
 m - 3 potions of lignification
 q - 3 potions of brilliance
 t - 4 potions of resistance
 u - 3 potions of magic
 w - 7 potions of curing
 z - 3 potions of agility
 A - 3 potions of flight
 G - 6 potions of heal wounds
 I - 2 potions of cancellation
 J - 3 potions of invisibility
 M - a potion of berserk rage
 N - 3 potions of mutation
 P - 3 potions of ambrosia
Miscellaneous
 o - a fan of gales
 Y - a lightning rod (1/4)
Comestibles
 f - 17 meat rations
 Z - a bread ration


   Skills:
 - Level 10.3 Fighting
 + Level 13.6 Axes
 - Level 2.9 Staves
 - Level 8.6 Armour
 - Level 6.7 Dodging
 - Level 2.4 Stealth
 - Level 10.8 Spellcasting
 - Level 17.4 Necromancy
 - Level 6.4 Evocations


You had 31 spell levels left.
You knew the following spells:

 Your Spells              Type           Power        Failure   Level  Hunger
a - Pain                  Necr           ####         0%          1    None
v - Vampiric Draining     Necr           ######....   1%          3    None


Dungeon Overview and Level Annotations

Branches:
Dungeon (14/15)            Temple (1/1) D:7            Lair (6/6) D:10
  Swamp (0/4) Lair:4        Snake (3/4) Lair:3        Slime (0/5) Lair:6
    Orc (2/2) D:12            Elf (0/3) Orc:2        Vaults (0/5) D:13

Altars:
Ashenzari
Cheibriados
Dithmenos
Gozag
Hepliaklqana
Kikubaaqudgha
Makhleb
Nemelex Xobeh
Qazlal
Ru
Sif Muna
Trog
Uskayaw
Vehumet
Xom
Yredelemnul
Zin
Beogh
Jiyva

Shops:
D:8 *   D:14 [   Orc:2 [[!=   Lair:2 *[[[([   Snake:1 [*:

Portals:
Hell: Lair:6

Annotations:
D:4 OGRE for HP
D:8 yogakurto's ghost, novice GrAM
D:14 Azrael
Lair:3 camposddc's ghost, journeyman TrMo
Lair:5 Fingolfin's ghost, journeyman MiFi
Lair:6 exclusion: oklob plant
Orc:2 Saint Roka


Innate Abilities, Weirdness & Mutations

You are resistant to damage.
You can heal yourself by infusing magical energy.
You resist negative energy. (rN+)
You passively map the area around you.
You do not regenerate.


Message History

There is a stone staircase leading down here.
Unknown command.
Unknown command.
Put on which piece of jewellery? (? for menu, Esc to quit)
Okay, then.
Unknown command.
Unknown command.
There is a stone staircase leading up here.
There is a stone staircase leading up here.
Items here: %% ( )) / : ???? [[
There is an entrance to Boddotzith's Antique Armour Shoppe here. [a] 1237 gold - Letsegor's Food Shoppe [b] 1805 gold - Ikkuetoc's Distillery [c] 1960 gold - Guah's Antique Armour Boutique [d] 1365 gold - Diohum's General Store Fund which merchant?
You no longer have enough gold to fund merchants seeking to open stores in the dungeon.
You no longer have enough gold to bribe branches to halt enemies' attacks and recruit allies.
Guah invites you to visit her Antique Armour Boutique.
Are you sure you want to abandon this character and quit the game? (Confirm with "yes".)

###P......## #...#
#......###.####..###
##...............##.
#..∩................
##.∩.<#P##..#....P##
#..∩).#######...####
###.∩...# ##...###
#...∩...## #....#.##
##...@....#####......P
###...........# ####....
#P............###P......
##......................
#......................
#.............###.....#
##.............# ##...P#
#..............# #P...#
##........#.#.## ##...#


There were no monsters in sight!

Vanquished Creatures
  A nagaraja (Snake:3)
  Snorg (Orc:2)
  A vault guard (D:12)
  An ice dragon (D:13)
  7 hydras
  4 naga warriors
  A catoblepas (Lair:6)
  A centaur warrior (D:14)
  3 two-headed ogres
  7 anacondas
  A shock serpent (Snake:1)
  3 naga sharpshooters
  A sun demon (Lair:6)
  Sonja (D:14)
  Urug (D:13)
  2 unseen horrors (D:13)
  A wizard (Lair:6)
  A naga ritualist (Snake:1)
  Pikel (D:6)
  5 mana vipers
  19 ugly things
  An orc knight (D:13)
  A deep elf mage (Orc:2)
  10 orc sorcerers
  6 salamanders
  2 manticores (D:13)
  3 cyclopes
  A smoke demon (Lair:6)
  14 elephants
  2 guardian serpents
  9 naga magi
  15 black mambas
  A centaur zombie (D:13)
  2 orange demons (Lair:6)
  2 gargoyles (D:14)
  11 spiny frogs
  2 rime drakes (Lair:6)
  A komodo dragon (Lair:3)
  An ice devil (Lair:6)
  2 red devils (Lair:6)
  6 trolls
  A queen bee (D:9)
  2 slime creatures (D:12)
  A wind drake (shapeshifter) (D:14)
  Grinder (D:6)
  8 blink frogs
  A meliai zombie (D:13)
  8 hippogriffs
  Sigmund (D:4)
  48 yaks
  8 wyverns
  4 vampires
  A wraith (D:12)
  Eustachio (D:6)
  A basilisk (Lair:5)
  A fire elemental (D:14)
  2 hungry ghosts
  A basilisk (shapeshifter) (D:13)
  A steam dragon (Lair:5)
  4 vampire mosquitoes (D:12)
  24 nagas
  5 insubstantial wisps (Lair:4)
  10 wargs
  2 acid dragons
  17 water moccasins
  4 porcupines
  A soldier ant (D:13)
  6 hell hounds
  2 black bears
  2 phantoms (D:8)
  4 slaves
  6 ice beasts
  22 orc warriors
  An eye of draining (D:14)
  3 sky beasts
  14 ogres
  18 wolves
  4 centaurs
  23 crocodiles
  3 big kobolds
  Blork the orc (D:5)
  2 gnoll sergeants
  16 bullfrogs
  3 wyvern skeletons
  2 scorpions
  22 killer bees
  A howler monkey (D:4)
  16 wights
  8 crimson imps
  A quasit (D:12)
  10 hounds
  2 jellies
  41 orc wizards
  17 orc priests
  2 bullfrog skeletons
  3 centaur skeletons
  Crazy Yiuf (D:6)
  An iguana (D:12)
  10 worker ants
  3 hound skeletons
  14 gnolls
  16 adders
  3 shadow imps
  2 oozes (D:4)
  2 adder zombies (D:5)
  2 adder skeletons
  5 worms
  3 dart slugs
  4 leopard geckos
  105 orcs
  9 giant cockroaches
  4 goblins
  8 hobgoblins
  19 jackals
  13 kobolds
  4 quokkas
  A ball python (D:5)
  7 bats
  5 frilled lizards
  2 giant cockroach zombies (D:5)
  A jackal skeleton (D:4)
  A quokka zombie (D:5)
  4 rats
  A fungus (Lair:4)
818 creatures vanquished.

Vanquished Creatures (collateral kills)
  A hydra (Lair:6)
  A crocodile (Lair:6)
2 creatures vanquished.

Vanquished Creatures (others)
  A nagaraja (Snake:2)
  An orc (Orc:2)
  A kobold (D:2)
  9 fungi
  9 plants
21 creatures vanquished.

Grand Total: 841 creatures vanquished

Notes
Turn   | Place    | Note
-------+----------+-------------------------------------------
     0 | D:1      | letownia2 the Deep Dwarf Necromancer began the quest for the Orb.
     0 | D:1      | Reached XP level 1. HP: 15/15 MP: 3/3
    33 | D:2      | Reached XP level 2. HP: 22/22 MP: 0/4
    89 | D:2      | Found a sparkling altar of Nemelex Xobeh.
   126 | D:2      | Reached skill level 5 in Necromancy
   173 | D:2      | Noticed Sigmund
   377 | D:4      | Reached XP level 3. HP: 20/28 MP: 6/6
   398 | D:4      | Found a shimmering altar of Xom.
   398 | D:4      | Noticed an angel
   404 | D:4      | Learned a level 3 spell: Vampiric Draining
   405 | D:4      | Found a glowing silver altar of Zin.
   600 | D:3      | Reached XP level 4. HP: 5/36 MP: 1/7
   673 | D:4      | HP: 1/36 [howler monkey (3)]
   694 | D:4      | HP: 1/36 [howler monkey (1)]
   703 | D:4      | Reached skill level 6 in Necromancy
  1131 | D:4      | Found an ancient bone altar of Kikubaaqudgha.
  1137 | D:4      | Got a pair of jewelled gloves
  1143 | D:4      | Identified the +1 pair of gloves of Royxzy {Str+4 Dex+2} (You found it on level 4 of the Dungeon)
  1163 | D:4      | Noticed an ogre
  1372 | D:4      | Reached XP level 5. HP: 27/42 MP: 0/8
  1568 | D:4      | Reached skill level 7 in Necromancy
  1828 | D:5      | Entered Level 5 of the Dungeon
  1977 | D:4      | Reached XP level 6. HP: 35/49 MP: 1/10
  2293 | D:5      | Found a bloodstained altar of Trog.
  2304 | D:5      | Noticed Blork the orc
  2320 | D:5      | Killed Blork the orc
  2458 | D:4      | Reached skill level 1 in Fighting
  2593 | D:5      | Reached skill level 1 in Armour
  2703 | D:5      | Noticed an ice beast
  2711 | D:5      | Killed an ice beast
  2711 | D:5      | Reached XP level 7. HP: 43/57 MP: 7/13
  2761 | D:6      | Noticed Grinder
  2807 | D:6      | Found a shadowy altar of Dithmenos.
  3092 | D:6      | Noticed Eustachio
  3259 | D:6      | Noticed Pikel
  3345 | D:6      | Found a runed door.
  3377 | D:6      | Paralysed by Grinder for 5 turns
  3383 | D:6      | Paralysed by Grinder for 2 turns
  3391 | D:6      | Killed Grinder
  3391 | D:6      | Reached skill level 8 in Necromancy
  3552 | D:7      | Reached XP level 8. HP: 55/67 MP: 7/14
  3814 | D:7      | Found a staircase to the Ecumenical Temple.
  3840 | Temple   | Entered the Ecumenical Temple
  3848 | Temple   | Became a worshipper of Gozag Ym Sagoz the Greedy
  4108 | D:3      | Found a burning altar of Makhleb.
  4176 | D:4      | Killed Sigmund
  4205 | D:4      | Reached skill level 5 in Spellcasting
  4908 | D:2      | Found a sacrificial altar of Ru.
  6065 | D:6      | Killed Pikel
  6081 | D:6      | Killed Eustachio
  6081 | D:6      | Gained mutation: You passively map the area around you. [Deep Dwarf growth]
  6081 | D:6      | Reached XP level 9. HP: 63/73 MP: 10/19
  6208 | D:6      | Noticed Crazy Yiuf
  6213 | D:6      | Killed Crazy Yiuf
  6952 | D:7      | Reached skill level 9 in Necromancy
  7117 | D:7      | Found a hide-covered altar of Uskayaw.
  7194 | D:8      | Noticed yogakurto's ghost (novice GrAM)
  7278 | D:8      | Noticed a two-headed ogre
  7295 | D:8      | Killed a two-headed ogre
  7350 | D:8      | Reached skill level 10 in Necromancy
  7669 | D:8      | Noticed a two-headed ogre
  7787 | D:8      | Reached XP level 10. HP: 62/84 MP: 15/22
  8010 | D:8      | Bought a scroll labeled CETULE DEARGH for 26 gold pieces
  8232 | D:9      | Reached skill level 11 in Necromancy
  8650 | D:9      | Found a radiant altar of Vehumet.
  8885 | D:10     | Entered Level 10 of the Dungeon
  9660 | D:10     | Found a staircase to the Lair.
 10231 | D:11     | Noticed a red ugly thing
 10242 | D:11     | Killed a red ugly thing
 10303 | D:11     | Reached skill level 5 in Armour
 10304 | D:11     | Reached skill level 5 in Fighting
 10423 | D:11     | Reached XP level 11. HP: 66/94 MP: 15/24
 10604 | D:11     | You fall through a shaft!
 10711 | D:12     | Found a staircase to the Orcish Mines.
 10737 | D:12     | Reached skill level 12 in Necromancy
 11297 | D:12     | Reached skill level 1 in Axes
 12570 | D:12     | Reached skill level 13 in Necromancy
 12642 | D:12     | Noticed a red ugly thing
 12654 | D:12     | Killed a red ugly thing
 12654 | D:12     | Reached skill level 5 in Axes
 13144 | D:11     | Paralysed by fainting for 5 turns
 13407 | Lair:1   | Entered Level 1 of the Lair of Beasts
 13495 | Lair:1   | Noticed an eight-headed hydra
 13509 | Lair:1   | Killed an eight-headed hydra
 13721 | Lair:1   | Reached XP level 12. HP: 88/103 MP: 23/25
 14352 | Lair:2   | Bought a pair of steaming boots for 294 gold pieces
 14357 | Lair:2   | Identified the cursed +0 pair of boots of Bianibis {rN+ Int+2} (You bought it in a shop on level 2 of the Lair of Beasts)
 14358 | Lair:2   | Bought a pair of jewelled boots for 294 gold pieces
 14368 | Lair:2   | Identified the +0 pair of boots of the Barracuda {-Tele rElec rCorr Int+7} (You bought it in a shop on level 2 of the Lair of Beasts)
 14841 | Lair:2   | Reached skill level 5 in Evocations
 15101 | Lair:3   | Noticed an eight-headed hydra
 15138 | Lair:3   | Found a staircase to the Snake Pit.
 15173 | Lair:3   | Noticed camposddc's ghost (journeyman TrMo)
 15315 | Lair:2   | Bought a pair of pitted boots for 294 gold pieces
 15320 | Lair:2   | Identified the cursed +0 pair of boots "Loegraut" {+Blink Str+3 Dex+2} (You bought it in a shop on level 2 of the Lair of Beasts)
 15327 | Lair:1   | Reached skill level 14 in Necromancy
 15539 | Orc:1    | Entered Level 1 of the Orcish Mines
 15667 | Orc:1    | Paralysed by an orc sorcerer for 7 turns
 15741 | Orc:1    | Noticed a two-headed ogre
 15960 | Lair:3   | Killed an eight-headed hydra
 16178 | Lair:3   | Reached skill level 5 in Dodging
 16899 | Lair:4   | Reached skill level 1 in Staves
 16923 | Lair:4   | Noticed a four-headed hydra
 16934 | Lair:4   | Killed a four-headed hydra
 17073 | Lair:4   | Reached skill level 15 in Necromancy
 17391 | Lair:4   | Found a staircase to the Swamp.
 17861 | Lair:4   | Reached XP level 13. HP: 98/114 MP: 21/26
 18031 | Lair:5   | Noticed Fingolfin's ghost (journeyman MiFi)
 18687 | Orc:2    | Entered Level 2 of the Orcish Mines
 18687 | Orc:2    | Found a staircase to the Elven Halls.
 18730 | Orc:2    | Noticed Snorg
 18737 | Orc:2    | Killed Snorg
 20035 | Orc:2    | Noticed Saint Roka
 20054 | Orc:2    | Paralysed by an orc sorcerer for 6 turns
 20064 | Orc:2    | Reached skill level 16 in Necromancy
 20493 | Orc:2    | Found Tocykats's Jewellery Emporium.
 20493 | Orc:2    | Found Egych's Distillery.
 20537 | Orc:2    | Found a roughly hewn altar of Beogh.
 20549 | Orc:2    | Found Hien's Antique Armour Emporium.
 20549 | Orc:2    | Found Xor Oza's Antique Armour Boutique.
 22080 | Lair:6   | Entered Level 6 of the Lair of Beasts
 22716 | Lair:6   | Gained mutation: You resist negative energy. (rN+) [Deep Dwarf growth]
 22716 | Lair:6   | Reached XP level 14. HP: 96/126 MP: 18/27
 23089 | Lair:6   | Reached skill level 10 in Spellcasting
 23388 | Lair:6   | Found a burning altar of Makhleb.
 23826 | D:13     | Noticed Urug
 23848 | D:13     | Killed Urug
 24784 | D:13     | Found a gate to the Vaults.
 24954 | D:14     | Reached skill level 10 in Axes
 25043 | D:14     | Reached skill level 10 in Fighting
 25333 | D:14     | Noticed Sonja
 25337 | D:14     | Killed Sonja
 25345 | D:14     | Reached XP level 15. HP: 109/138 MP: 14/29
 25444 | D:14     | Found Ynguret's Armour Shoppe.
 25622 | D:14     | Noticed Azrael
 25900 | Snake:1  | Entered Level 1 of the Snake Pit
 25955 | Snake:1  | Found Ferhiesm's Book Shoppe.
 26118 | Snake:1  | Found Ynayvyat's Assorted Antiques.
 26228 | Lair:6   | Reached skill level 17 in Necromancy
 26382 | Lair:6   | Found a viscous altar of Jiyva.
 26382 | Lair:6   | Found a staircase to the Slime Pits.
 26650 | Lair:6   | Found a gateway to Hell.
 26658 | Lair:6   | Got a translucent lapis lazuli ring
 26661 | Lair:6   | Identified the ring of Huyj {Fire rPois Int-2 Dex+2} (You found it on level 6 of the Lair of Beasts)
 27383 | Snake:1  | Found Xenkeame's Armour Emporium.
 27548 | Snake:1  | Got a pitted scale mail
 27559 | Snake:1  | Identified the +5 scale mail of Uruycwia {+Fly rElec Str+3} (You found it on level 1 of the Snake Pit)
 27909 | Snake:2  | Identified the Tome of Toxic Fire
 29074 | Snake:3  | Noticed a nagaraja
 29245 | Snake:3  | Noticed a nagaraja
 29268 | Snake:3  | Killed a nagaraja
 29729 | Snake:3  | Noticed a nagaraja
 29790 | Snake:2  | Killed a nagaraja
 29919 | Lair:2   | Quit the game

Skill      XL: |  1  2  3  4  5  6  7  8  9 10 11 12 13 14 15 |
---------------+----------------------------------------------+-----
Necromancy     | 5 6 7 8 10 11 13 15 16 17 | 17.4
Spellcasting   | 2 3 4 7 8 9 10 | 10.8
Fighting       | 1 2 3 5 6 8 10 | 10.3
Armour         | 1 2 5 6 7 8 |  8.6
Evocations     | 4 6 |  6.4
Axes           | 7 10 13 | 13.6
Dodging        | 5 6 |  6.7
Staves         | 2 |  2.9
Stealth        | |  2.4

Action                   |  1- 3 |  4- 6 |  7- 9 | 10-12 | 13-15 || total
-------------------------+-------+-------+-------+-------+-------++-------
Melee: War axe           |    15 |    18 |       |       |       ||    33
       Falchion          |       |    78 |    21 |       |       ||    99
       Dagger            |       |       |    95 |   365 |   208 ||   668
       Staff             |       |       |       |   165 |   826 ||   991
       Spear             |       |       |       |    92 |       ||    92
       Whip              |       |       |       |    26 |       ||    26
       Hand axe          |       |       |       |    99 |    14 ||   113
       Battleaxe         |       |       |       |       |    50 ||    50
Throw: Throwing net      |       |       |       |     7 |     2 ||     9
 Cast: Pain              |    23 |    39 |   194 |   141 |    44 ||   441
       Vampiric Draining |       |    33 |    64 |   374 |   610 ||  1081
Invok: Call Merchant     |       |       |       |     3 |     4 ||     7
 Abil: Evoke Blink       |       |       |       |       |     3 ||     3
Evoke: Wand              |       |       |    14 |     8 |    31 ||    53
       Lightning rod     |       |       |       |     4 |     7 ||    11
  Use: Scroll            |       |       |     8 |    23 |    14 ||    45
 Stab: Sleeping          |     1 |       |       |       |       ||     1
       Held in net/web   |       |       |       |     1 |       ||     1
       Distracted        |       |       |       |       |     4 ||     4
       Confused          |       |       |       |       |     7 ||     7
       Petrified         |       |       |       |       |     1 ||     1
  Eat: Chunk             |       |     9 |    11 |       |       ||    20
       Fruit             |       |     1 |     3 |     5 |     5 ||    14
       Royal jelly       |       |       |     3 |    14 |     4 ||    21
       Bread ration      |       |       |       |     1 |     5 ||     6
       Meat ration       |       |       |       |       |     2 ||     2
Armor: Leather armour    |     3 |    12 |       |       |       ||    15
       Ring mail         |       |    83 |    65 |    27 |       ||   175
       Scale mail        |       |       |       |   488 |   190 ||   678
       Chain mail        |       |       |       |       |   649 ||   649
       Skin              |       |       |       |       |     1 ||     1
Dodge: Dodged            |    27 |   145 |   129 |   635 |   974 ||  1910
Block: Other             |       |       |       |   199 |   403 ||   602
       Reflection        |       |       |       |     1 |    22 ||    23
       Rpst.: Falchion   |       |    36 |    18 |       |       ||    54
